 Dungeon Crawl Stone Soup version 0.24-a0-537-g2d01d4ab0a (webtiles) character file.

Game seed: 1858493118235110505

106 Mithandil the Shield-Bearer (level 4, 40/40 HPs)
             Began as a Minotaur Fighter on Aug 13, 2019.
             Quit the game on level 2 of the Dungeon.
             The game lasted 00:11:27 (2007 turns).

Mithandil the Shield-Bearer (Minotaur Fighter)      Turns: 2007, Time: 00:11:28

Health: 40/40      AC: 13    Str: 19 (20) XL:     4   Next: 55%
Magic:  3/3        EV:  4    Int:  4 (5)  God:
Gold:   96         SH:  9    Dex:  7 (9)  Spells: 3/3 levels left

rFire    . . .     SeeInvis .   a - +2 war axe
rCold    . . .     Gourm    .   c - +0 shield
rNeg     . . .     Faith    .   u - +0 plate armour
rPois    .         Spirit   .   (helmet restricted)
rElec    .         Reflect  .   (no cloak)
rCorr    .         Harm     .   (no gloves)
MR       +....                  j - +0 pair of boots
Stlth    ..........             (no amulet)
HPRegen  0.13/turn              h - -2 ring of dexterity (curse)
MPRegen  0.08/turn              s - ring of protection from magic

@: no status effects
A: retaliatory headbutt, horns 2, deterioration 1, mutation resistance 1, sense
surroundings 1, MP-powered wands
a: no special abilities


You were on level 2 of the Dungeon.
You were hungry.

You visited 1 branch of the dungeon, and saw 5 of its levels.

You collected 96 gold pieces.

Inventory:

Hand Weapons
 a - a +2 war axe (weapon)
 b - a +0 rapier
Missiles
 l - 20 sling bullets
 m - 8 poisoned darts (quivered)
 r - 2 curare-tipped darts
Armour
 c - a +0 shield (worn)
 j - a +0 pair of boots (worn)
 k - a +3 scale mail
 u - a +0 plate armour (worn)
Jewellery
 h - a cursed -2 ring of dexterity (left hand)
 s - a ring of protection from magic (right hand)
Wands
 t - a wand of polymorph (7)
Scrolls
 n - a scroll of amnesia {unknown}
Potions
 d - a potion of might
 e - a potion of magic {unknown}
 i - a potion of cancellation {unknown}
Comestibles
 f - 4 rations
 g - 4 chunks of flesh


   Skills:
 + Level 4.1 Fighting
 * Level 3.8 Axes
 + Level 4.1 Armour
 + Level 1.5 Dodging
 * Level 4.6 Shields


You had 3 spell levels left.
You didn't know any spells.
Your spell library was empty.

Dungeon Overview and Level Annotations

Branches:
Dungeon (5/15)
 Temple: D:4-7

Altars:
Okawaru


Innate Abilities, Weirdness & Mutations

You reflexively headbutt those who attack you in melee.
You have a pair of horns on your head.
Your body sometimes deteriorates upon taking damage.
You are somewhat resistant to further mutation.
You passively map a small area around you.
You expend magic power (3 MP) to strengthen your wands.


Message History

The adder is almost dead.
You hit the hobgoblin.
You kill the hobgoblin!
The adder bites you but does no damage. x2
You miss the adder. Your headbutt misses the adder.
The adder is almost dead.
The adder bites you but does no damage. The adder completely misses you.
You furiously retaliate!
You headbutt the adder!
You kill the adder!
You feel your dexterity returning.
Things that are here:
a +0 club; a hobgoblin corpse You butcher the hobgoblin corpse.
g - 4 chunks of flesh (gained 2)
Things that are here:
a +0 club; a hobgoblin skeleton You are feeling hungry.
n - a scroll labeled RUIHUAH DYTTAAS You see here 25 stones.
Are you sure you want to abandon this character and quit the game? (Confirm with "yes".)

....# #.#####.#
####.#.##### ....#
#.......#
#.#.....#
#...###########
#.####### #....#
#.....#.#
#....###########
#####.#..
#..............###
#.#..
#...#######......#
#.#<.
....'.....#......#
#.#..
#...##....#.)...@#
#.'..
#...##...........#
###..
#...##...###...###
#.. #.[.##...#
#...# #..
#.######## #...#
### .. #...# ##
#...# #...# #####


There were no monsters in sight!

Vanquished Creatures
  5 adders
  2 worms (D:2)
  A dart slug (D:1)
  3 leopard geckos
  A ball python (D:2)
  A giant cockroach (D:5)
  3 goblins
  5 hobgoblins
  10 jackals
  3 bats
  3 frilled lizards
  6 kobolds
  5 rats
48 creatures vanquished.

Notes
Turn   | Place    | Note
-------+----------+-------------------------------------------
     0 | D:1      | Mithandil the Minotaur Fighter began the quest for the Orb.
     0 | D:1      | Reached XP level 1. HP: 19/19 MP: 0/0
   230 | D:2      | Reached XP level 2. HP: 27/27 MP: 1/1
   402 | D:1      | You fall into a shaft and drop 1 floor!
   501 | D:2      | Reached skill level 1 in Dodging
   501 | D:2      | Reached XP level 3. HP: 28/33 MP: 2/2
   540 | D:5      | Entered Level 5 of the Dungeon
   666 | D:2      | Found an iron altar of Okawaru.
   694 | D:2      | Reached XP level 4. HP: 28/40 MP: 3/3
   925 | D:1      | Gained mutation: You passively map a small area around you.
                  | [potion of mutation]
   925 | D:1      | Gained mutation: You expend magic power (3 MP) to
                  | strengthen your wands. [potion of mutation]
   925 | D:1      | Gained mutation: Your body sometimes deteriorates upon
                  | taking damage. [potion of mutation]
   925 | D:1      | Gained mutation: You are somewhat resistant to further
                  | mutation. [potion of mutation]
  2007 | D:2      | Quit the game

Levels and vault maps discovered:
D:1:      lightli_arrival_flooded_house, layout_basic, minmay_tripent
D:2:      layout_basic, tso_altar, nicolae_overflow_crystal_walls
D:3:      layout_basic, lemuel_round_altar, kennysheep_slug_shrine,
          uniq_crazy_yiuf_cottage, uniq_robin
D:4:      layout_basic, minitemple, chequers_temple_overflow_statue_of_worship,
          first_ration, minmay_misc_feat_tiny
D:5:      layout_rooms, minmay_temple_entry_statues_fountains,
          gammafunk_ghost_icy, kennysheep_dice

Skill      XL: |  1  2  3 |
---------------+----------+-----
Shields        | 4 |  4.6
Axes           | 3 |  3.8
Dodging        | 1 |  1.5
Armour         | 4 |  4.1
Fighting       | 4 |  4.1

Action                   |  1- 3 |  4- 6 || total
-------------------------+-------+-------++-------
Melee: War axe           |    56 |    34 ||    90
       Headbutt          |    10 |     2 ||    12
  Use: Scroll            |     2 |     6 ||     8
       Potion            |       |     3 ||     3
  Eat: Chunk             |       |     3 ||     3
Armor: Scale mail        |    40 |     5 ||    45
       Plate armour      |       |    21 ||    21
Dodge: Dodged            |    31 |     3 ||    34
Block: Shield            |    34 |    11 ||    45

Table legend:
 A = Non-vault XP
 B = Vault XP
 C = Vault XP percentage of total XP
 D = Non-vault monster count
 E = Vault monster count
 F = Vault count percentage of total count
                 A         B        C        D         E       F
            +---------+---------+-------+---------+---------+-------
      Total |     149 |       3 |   2.0 |      46 |       2 |   4.2
            +---------+---------+-------+---------+---------+-------
        D:1 |      31 |       3 |   8.8 |      17 |       2 |  10.5
        D:2 |     101 |       0 |   0.0 |      26 |       0 |   0.0
        D:3 |      15 |       0 |   0.0 |       2 |       0 |   0.0
        D:5 |       2 |       0 |   0.0 |       1 |       0 |   0.0
            +---------+---------+-------+---------+---------+-------
